 Dungeon Crawl Stone Soup version 0.16.1-4-g8e1b745 (webtiles) character file.

70484 ventricule the Marksoctopus (level 15, -10/90 HPs)
             Began as an Octopode Arcane Marksman on Mar 24, 2015.
             Was a High Priest of Ashenzari.
             Shot with a bolt by an orc warlord (11 damage)
             ... on level 4 of the Orcish Mines on Mar 27, 2015.
             The game lasted 05:43:33 (48678 turns).

ventricule the Marksoctopus (OpAM)                 Turns: 48678, Time: 05:43:33

Health: -10/90     AC:  5    Str: 10    XL:     15   Next: 33%
Magic:  24/40      EV: 22    Int: 21    God:    Ashenzari [*****.]
Gold:   2811       SH:  0    Dex: 16    Spells: 11 memorised, 5 levels left

rFire  . . .     SeeInvis +     B - +2 longbow (flame) (curse)
rCold  . . .     Clarity  +     (no shield)
rNeg   . . .     SustAb   .     (helmet restricted)
rPois  +         Gourm    +     H - amulet of the gourmand (curse)
rElec  +         Spirit   .     g - +2 ring of evasion
rCorr  .         Warding  .     R - ring of flight
rMut   .         Stasis   .     d - +2 ring of protection
MR     +....                    o - +3 ring of dexterity
Stlth  ++++......               q - +2 ring of protection
                                F - ring of wizardry
                                O - ring of magical power
                                y - +5 ring of evasion

@: somewhat resistant to hostile enchantments, stealthy
A: almost no armour, amphibious, 8 rings, constrict 8, camouflage 1, deformed
body, low mp 1, sense surroundings 1, poison resistance, regeneration 1,
electricity resistance, spit poison 1, gelatinous body 1, evolution 2
a: Spit Poison, End Transfer Knowledge, Scrying, Transfer Knowledge, Renounce
Religion, Evoke Flight


You were on level 4 of the Orcish Mines.
You worshipped Ashenzari.
Ashenzari was extremely pleased with you.
You were full.

You visited 3 branches of the dungeon, and saw 26 of its levels.
You also visited: Labyrinth, Ossuary and Ice Cave.

You collected 3266 gold pieces.
You spent 455 gold pieces at shops.

Inventory:

Hand weapons
 a - a +2 trident of freezing
 b - a +1 longbow of freezing
 B - a cursed +2 longbow of flaming (weapon)
Missiles
 c - 174 arrows (quivered)
 i - 2 poisoned arrows
Jewellery
 d - a +2 ring of protection (on tentacle)
 g - a +2 ring of evasion (left tentacle)
 h - an uncursed ring of protection from cold
 j - an uncursed ring of teleport control
 m - the ring of Greagris {+/*Tele Int+5}
   (You found it in an ice cave)

   [ring of teleportation]

   It causes random teleportation, and can be evoked to teleport at will.
   It affects your intelligence (+5).
 o - a +3 ring of dexterity (on tentacle)
 q - a +2 ring of protection (on tentacle)
 y - a +5 ring of evasion (on tentacle)
 E - an uncursed ring of sustain abilities
 F - a ring of wizardry (on tentacle)
 H - a cursed amulet of the gourmand (around mantle)
 O - a ring of magical power (on tentacle)
 Q - an uncursed ring of protection from cold
 R - a ring of flight (right tentacle)
Magical devices
 w - a wand of confusion (12)
 C - a wand of paralysis (12)
 J - a wand of draining (0)
 S - a wand of disintegration (5)
 T - a wand of polymorph (14)
Scrolls
 p - a scroll of recharging
 r - 2 scrolls of blinking
 s - a scroll of teleportation
 t - 2 scrolls of enchant weapon
 G - 4 scrolls of identify
 U - 8 scrolls of remove curse
 Z - a scroll of amnesia
Potions
 e - 8 potions of magic
 k - 3 potions of restore abilities
 n - a potion of resistance
 v - a potion of lignification
 x - 5 potions of curing
 D - a potion of haste
 L - a potion of brilliance
 X - 3 potions of cancellation
Books
 u - a book of Necromancy

   Spells                             Type                      Level
   a - Pain                           Necromancy                   1
   b - Animate Skeleton               Necromancy                   1
   c - Vampiric Draining              Necromancy                   3
   d - Regeneration                   Charms/Necromancy            3
   e - Animate Dead                   Necromancy                   4
   f - Control Undead                 Necromancy                   4
 z - a book of the Tempests

   Spells                             Type                      Level
   a - Static Discharge               Conjuration/Air              3
   b - Lightning Bolt                 Conjuration/Air              5
   c - Fireball                       Conjuration/Fire             5
   d - Tornado                        Air                          9
   e - Shatter                        Earth                        9
 M - a book of Conjurations

   Spells                             Type                      Level
   a - Magic Dart                     Conjuration                  1
   b - Searing Ray                    Conjuration                  2
   c - Dazzling Spray                 Conjuration/Hexes            3
   d - Fulminant Prism                Conjuration/Hexes            4
   e - Iskenderun's Mystic Blast      Conjuration                  4
   f - Iskenderun's Battlesphere      Conjuration/Charms           5
 N - a book of Enchantments

   Spells                             Type                      Level
   a - Tukima's Dance                 Hexes                        3
   b - Cause Fear                     Hexes                        4
   c - Silence                        Hexes/Air                    5
   d - Deflect Missiles               Charms/Air                   6
   e - Haste                          Charms                       6
   f - Discord                        Hexes                        8
 V - the Incunabulum of Illusion
   (You found it in a labyrinth)

   Spells                             Type                      Level
   a - Summon Butterflies             Summoning                    1
   b - Call Imp                       Summoning                    2
   c - Abjuration                     Summoning                    3
   d - Call Canine Familiar           Summoning                    3
   e - Summon Guardian Golem          Hexes/Summoning              4
Miscellaneous
 Y - an ornate deck of changes {the Potion, drawn: 3}
Comestibles
 f - 7 bread rations
 A - a royal jelly
 I - 17 fruits
 K - 5 beef jerkies
 P - 5 meat rations


   Skills:
 - Level 4.6 Fighting
 - Level 15.0(19.6) Bows
 - Level 4.7 Dodging
 - Level 5.0 Stealth
 - Level 13.6 Spellcasting
 - Level 14.0 Hexes
 + Level 2.1 Charms
 - Level 0.8 Fire Magic
 - Level 0.5 Evocations


You had 5 spell levels left.
You knew the following spells:

 Your Spells              Type           Power        Failure   Level  Hunger
a - Corona                Hex            ######.      0%          1    None
b - Slow                  Hex            ######..     1%          2    None
c - Inner Flame           Hex/Fire       #####...     1%          3    None
d - Cause Fear            Hex            ######....   1%          4    None
e - Enslavement           Hex            ######..     1%          4    None
f - Leda's Liquefaction   Hex/Erth       #####.....   1%          4    None
g - Summon Butterflies    Summ           ##......     2%          1    None
h - Tukima's Dance        Hex            ######..     1%          3    None
i - Metabolic Englaciati  Hex/Ice        #####.....   4%          5    ###....
j - Regeneration          Chrm/Necr      ###.......   4%          3    None
k - Haste                 Chrm           ###.....     93%         6    #####..


Dungeon Overview and Level Annotations

Branches:
Dungeon (15/15)            Temple (0/1) D:5            Lair (7/8) D:11
 Shoals (0/5) Lair:4       Spider (0/5) Lair:5          Orc (4/4) D:9
    Elf (0/3) Orc:4        Vaults (0/5) D:14         Depths (0/5) D:15
  Slime: Lair:6-8

Altars:
Ashenzari
Gozag
Makhleb
Okawaru
Vehumet
Xom
Zin

Shops:
D:9 }   D:10 !   D:14 (   Orc:2 *   Orc:3 *   Orc:4 :

Annotations:
D:2 exclusion: Sigmund
D:8 Maurice
D:9 exclusion: downstairs
D:11 exclusion: 2 doors
D:15 exclusion: fire dragon
Lair:4 exclusion: oklob plant
Orc:3 Fkin fire giant
Orc:4 Nessos


Innate Abilities, Weirdness & Mutations

You cannot wear most types of armour.
You are amphibious.
You can wear up to eight rings at the same time.
You can use your tentacles to constrict many enemies at once.
Your skin changes colour to match your surroundings (Stealth).
Your rubbery body absorbs attacks (AC +1).
Your body is misshapen.
Your magical capacity is low (-10% MP).
You passively map a small area around you.
Your system is resistant to poisons.
Your natural rate of healing is unusually fast.
You are resistant to electric shocks.
You can spit poison.
You rapidly evolve.


Message History

Casting: Enslavement
Confirm with . or Enter, or press ? or * to list all spells.
Aiming: Enslavement
Press: ? - help, Shift-Dir - straight line, f/p - orc warlord
Aim: an orc warlord, wielding an arbalest of flaming, wearing a chain mail of fire resistance, quivering 18 bolts and carrying an uncursed dire flail of protection (chance 45%)
The orc warlord resists with some effort.
The orc warlord shoots a bolt.
The bolt hits you!! The bolt burns you!
* * * LOW HITPOINT WARNING * * *
An orc and a two-headed ogre come into view.
Casting: Enslavement
Confirm with . or Enter, or press ? or * to list all spells.
Okay, then.
Casting: Enslavement
Confirm with . or Enter, or press ? or * to list all spells.
The orc shouts!
An orc comes into view. It is wielding a club.
The orc warlord shoots a bolt.
The bolt hits you!!
* * * LOW HITPOINT WARNING * * *
The bolt burns you!
You die...

#.).......................##
###)[.....[...##.....#......###
.#..................#.........##
...........^.........#.........##
......####.<.......###..........#
......###.#......(..###..........
.......#........b...##...........
...........[........)......_...##
................@.....$.(.....##*
.............##....bb.........#
.[.#....[.....##..(....)....###
.#.#........#####..b......###
####........# ##.......##* #
#.......## #......... * *
####.$....## *.{......... **
.##.#.....## #.oO........,,,,
...(.......# * ..o.......... ,


You could see an orc warlord and a two-headed ogre.

Vanquished Creatures
  Maud (Lair:3)
  Snorg (Lair:6)
  A vault guard (D:14)
  Fannar (Lair:3)
  Harold (Lair:7)
  6 hydras
  The ghost of stickyfingers the Slinger, a powerful OpAM of Fedhas (Lair:2)
  2 centaur warriors
  Urug (D:10)
  A skeletal warrior (D:15)
  An ice statue (IceCv)
  Pikel (D:9)
  An unseen horror (D:11)
  An orb spider (Lair:5)
  A necromancer (D:15)
  2 orc sorcerers
  10 hill giants
  8 ugly things
  3 manticores
  A siren (Lair:4)
  3 cyclopes
  3 black mambas
  8 wolves
  9 spiny frogs
  An efreet (D:13)
  A yaktaur zombie (D:15)
  3 komodo dragons
  A kobold demonologist (D:12)
  2 trolls
  12 slime creatures
  Prince Ribbit (D:7)
  23 blink frogs
  A trapdoor spider zombie (D:12)
  A boulder beetle (Lair:5)
  4 basilisks
  2 hungry ghosts
  3 two-headed ogres
  An ice dragon skeleton (D:15)
  3 wyverns
  A trapdoor spider (D:15)
  27 yaks
  A shadow (D:15)
  2 fire bats (Orc:3)
  Grum (Orc:4)
  12 hippogriffs
  3 wargs
  22 ice beasts
  8 porcupines
  8 water moccasins
  A swamp drake (D:11)
  3 sky beasts
  3 wasps
  6 phantoms
  9 centaurs
  14 ogres
  A slave (D:9)
  9 orc warriors
  Sigmund (D:2)
  Duvessa (D:7)
  5 boring beetles
  2 necrophages
  14 crocodiles
  Blork the orc (D:7)
  3 big kobolds
  17 giant frogs
  A wyvern skeleton (D:6)
  3 scorpions
  6 killer bees
  4 jellies
  3 troll zombies (D:9)
  15 wights
  Dowan (D:7)
  6 crimson imps
  2 goliath beetles (D:8)
  5 quasits
  2 giant frog zombies
  16 orc priests
  6 centaur zombies
  Crazy Yiuf (D:2)
  5 centaur skeletons
  7 hounds
  12 iguanas
  18 orc wizards
  8 worker ants
  4 ogre zombies (D:9)
  3 mummies
  2 gnolls
  61 river rats
  18 adders
  5 shadow imps
  2 giant mites
  11 white imps (Lair:3)
  7 worms
  An adder zombie (D:9)
  7 giant geckos
  An ooze (D:2)
  105 orcs
  A bat skeleton (D:8)
  8 giant cockroaches
  21 hobgoblins
  18 jackals
  7 quokkas
  A ball python (D:2)
  12 bats
  A giant gecko skeleton (D:6)
  8 giant newts
  A giant spore (D:13)
  4 gnoll skeletons (Ossuary)
  5 gnoll zombies (Ossuary)
  19 goblins
  5 goblin skeletons
  8 goblin zombies
  4 hobgoblin skeletons
  4 hobgoblin zombies (D:9)
  27 kobolds
  4 kobold skeletons (Ossuary)
  3 kobold zombies (Ossuary)
  An orc skeleton (Ossuary)
  17 orc zombies
  A quokka skeleton (D:8)
  27 rats
  2 rat zombies (Ossuary)
  11 ballistomycetes (D:13)
  2 fungi
  A plant (Lair:2)
873 creatures vanquished.

Vanquished Creatures (collateral kills)
  The ghost of Zigurun the Martial Artist, a powerful GrMo of Qazlal (D:15)
  An ice dragon (IceCv)
  Erica (Lair:7)
  A skeletal warrior (D:15)
  4 hill giants
  A cyclops (D:15)
  3 ugly things (D:15)
  Joseph (Orc:1)
  A gargoyle (D:11)
  An efreet (D:15)
  A komodo dragon (Lair:7)
  5 blink frogs
  A slime creature (D:13)
  5 yaks
  2 killer bees
  A fire bat (Orc:3)
  3 wolves
  3 wargs (Orc:3)
  A porcupine (Lair:7)
  4 orc warriors
  3 centaurs
  A big kobold (D:12)
  5 wights
  5 orc priests
  An orc wizard (Orc:3)
  A river rat (Lair:1)
  A white imp (Lair:3)
  5 orcs
  A goblin (Orc:4)
  A kobold (D:12)
  A bat (D:9)
66 creatures vanquished.

Vanquished Creatures (others)
  2 hill giants (Orc:3)
  An orc knight (D:15)
  An orc sorcerer (Orc:4)
  2 ugly things (D:15)
  2 cyclopes (Orc:3)
  A griffon (D:15)
  A spiny frog (Lair:5)
  A wolf (Orc:4)
  2 slime creatures (D:13)
  A two-headed ogre (D:12)
  A blink frog (Lair:2)
  9 yaks
  A hippogriff (D:14)
  2 killer bees
  Menkaure (Ossuary)
  A water moccasin (Lair:3)
  3 slaves (D:9)
  An ogre (Orc:4)
  2 giant frogs
  A scorpion (D:11)
  A wight (D:12)
  An ogre zombie (D:9)
  A mummy (Ossuary)
  2 river rats (Lair:2)
  An adder (Lair:5)
  An orc (D:11)
  A giant spore (D:10)
  2 gnoll skeletons (Ossuary)
  2 gnoll zombies (Ossuary)
  A goblin skeleton (Ossuary)
  3 kobold skeletons (Ossuary)
  2 kobold zombies (Ossuary)
  An orc skeleton (D:9)
  2 orc zombies (Ossuary)
  5 rat skeletons (Ossuary)
  A rat zombie (Ossuary)
  5 butterflies
  2 fungi
70 creatures vanquished.

Grand Total: 1009 creatures vanquished

Notes
Turn   | Place    | Note
--------------------------------------------------------------
     0 | D:1      | ventricule, the Octopode Arcane Marksman, began the quest for the Orb.
     0 | D:1      | Reached XP level 1. HP: 13/13 MP: 2/2
   514 | D:1      | Reached XP level 2. HP: 16/18 MP: 1/3
   537 | D:1      | Learned a level 2 spell: Slow
  1410 | D:1      | Reached XP level 3. HP: 10/23 MP: 1/4
  2443 | D:2      | Noticed Sigmund
  2584 | D:3      | Reached skill level 4 in Bows
  2591 | D:3      | Reached XP level 4. HP: 9/28 MP: 0/5
  2855 | D:3      | Found a burning altar of Makhleb.
  3332 | D:2      | Found a shattered altar of Ashenzari.
  3456 | D:2      | Became a worshipper of Ashenzari the Shackled
  3561 | D:3      | HP: 1/28 [orc/trident of freezing (4)]
  3680 | D:4      | Reached skill level 5 in Bows
  3680 | D:4      | Reached XP level 5. HP: 22/33 MP: 1/7
  4665 | D:2      | Reached skill level 6 in Bows
  4665 | D:2      | Reached XP level 6. HP: 33/38 MP: 4/8
  5303 | D:2      | Noticed Crazy Yiuf
  5310 | D:2      | Killed Crazy Yiuf
  5485 | D:2      | Killed Sigmund
  5485 | D:2      | Reached skill level 7 in Bows
  5988 | D:4      | Found an iron altar of Okawaru.
  5989 | D:4      | Found an opulent altar of Gozag.
  6016 | D:4      | Reached XP level 7. HP: 35/43 MP: 9/9
  6826 | D:5      | Entered Level 5 of the Dungeon
  6868 | D:5      | Reached skill level 8 in Bows
  6881 | D:5      | Learned a level 3 spell: Inner Flame
  6903 | D:5      | Found a sand-covered staircase.
  6913 | Ossuary  | Entered an ossuary
  7339 | Ossuary  | Noticed Menkaure
  7384 | Ossuary  | Killed Menkaure
  8064 | D:5      | Found a staircase to the Ecumenical Temple.
  9253 | D:6      | Found a glowing silver altar of Zin.
  9609 | D:6      | Reached XP level 8. HP: 36/48 MP: 4/14
  9688 | D:6      | Learned a level 4 spell: Cause Fear
 10397 | D:6      | Learned a level 4 spell: Enslavement
 10785 | D:6      | Reached skill level 5 in Spellcasting
 11520 | D:6      | Reached skill level 5 in Hexes
 11816 | D:6      | Reached XP level 9. HP: 45/53 MP: 18/21
 11957 | D:6      | Learned a level 4 spell: Leda's Liquefaction
 13048 | D:7      | Noticed Dowan
 13051 | D:7      | Noticed Duvessa
 13080 | D:7      | Killed Duvessa
 13092 | D:7      | Killed Dowan
 13709 | D:7      | Noticed Prince Ribbit
 14170 | D:7      | Reached skill level 9 in Bows
 15089 | D:7      | Noticed Blork the orc
 15105 | D:7      | Killed Blork the orc
 15278 | D:7      | Killed Prince Ribbit
 15329 | D:8      | Reached skill level 10 in Bows
 15604 | D:8      | Reached XP level 10. HP: 53/63 MP: 19/22
 15914 | D:8      | Noticed Maurice
 18652 | D:9      | Found a staircase to the Orcish Mines.
 19364 | D:9      | Found Keidig's Gadget Boutique.
 19715 | D:9      | Noticed Pikel
 19739 | D:9      | Killed Pikel
 20718 | D:10     | Entered Level 10 of the Dungeon
 20756 | D:10     | Noticed Urug
 20818 | D:10     | Reached XP level 11. HP: 70/70 MP: 23/26
 20983 | D:10     | Noticed a hill giant
 20989 | D:10     | Noticed a hill giant
 21038 | D:9      | Reached skill level 1 in Stealth
 21153 | D:10     | Killed Urug
 21530 | D:10     | Killed a hill giant
 21530 | D:10     | Reached skill level 5 in Stealth
 21592 | D:10     | Gained mutation: You are resistant to electric shocks. [potion of mutation]
 21592 | D:10     | Gained mutation: You can spit poison. [potion of mutation]
 21593 | D:10     | Gained mutation: You tend to lose your temper in combat. [potion of mutation]
 21593 | D:10     | Gained mutation: You evolve. [potion of mutation]
 21593 | D:10     | Gained mutation: You rapidly evolve. [potion of mutation]
 21662 | D:10     | Gained mutation: You passively map a small area around you. [evolution]
 21670 | D:10     | Found Shrea's Distillery.
 21672 | D:10     | Bought a potion of beneficial mutation for 455 gold pieces
 21672 | D:10     | Gained mutation: Your natural rate of healing is unusually fast. [potion of beneficial mutation]
 21813 | D:10     | Killed a hill giant
 22129 | D:11     | Noticed an unseen horror
 22168 | D:11     | Killed an unseen horror
 22278 | D:11     | Identified a scroll of acquirement
 22287 | D:11     | Found a labyrinth entrance.
 22290 | Lab      | Entered a labyrinth
 23407 | Lab      | Gained mutation: Your mind is acute. (Int +2) [evolution]
 24319 | Lab      | Noticed a minotaur
 24335 | Lab      | Identified the Incunabulum of Illusion
 24341 | Lab      | Learned a level 1 spell: Summon Butterflies
 24342 | Lab      | Identified a +1 rod of inaccuracy (13/13) (You found it in a labyrinth)
 24360 | Lab      | Learned a level 3 spell: Tukima's Dance
 24703 | D:11     | Acquired Ashenzari's first power
 24794 | D:11     | Found a staircase to the Lair.
 25296 | D:11     | Noticed an unseen horror
 25439 | Lair:1   | Entered Level 1 of the Lair of Beasts
 25546 | Lair:1   | Reached skill level 10 in Spellcasting
 25613 | Lair:1   | Reached XP level 12. HP: 48/75 MP: 26/30
 25855 | Lair:1   | Noticed a five-headed hydra
 25884 | Lair:1   | Killed a five-headed hydra
 25893 | Lair:1   | Lost mutation: You tend to lose your temper in combat. [evolution]
 26219 | Lair:1   | Reached skill level 10 in Hexes
 26525 | Lair:1   | Noticed an eight-headed hydra
 26640 | Lair:1   | Killed an eight-headed hydra
 27449 | Lair:2   | Noticed stickyfingers' ghost (powerful OpAM)
 27538 | Lair:1   | Upgraded the game from 0.16.1-2-g95b8d4c to 0.16.1-4-g8e1b745
 27574 | Lair:1   | Noticed an eight-headed hydra
 27814 | Lair:2   | Acquired Ashenzari's second power
 27818 | Lair:2   | Identified the cursed +0 rapier of Hoscherph {speed, rF+ Int+3 Dex+3}
 28091 | Lair:2   | Reached skill level 11 in Hexes
 28409 | Lair:2   | Learned a level 5 spell: Metabolic Englaciation
 28468 | Lair:2   | Noticed a seven-headed hydra
 28479 | Lair:2   | Killed a seven-headed hydra
 28618 | Lair:2   | Killed stickyfingers' ghost
 29339 | Lair:3   | Noticed Maud
 29351 | Lair:3   | Killed Maud
 29351 | Lair:3   | Reached skill level 12 in Bows
 29494 | Lair:3   | Found a frozen archway.
 29520 | Lair:3   | Reached XP level 13. HP: 51/81 MP: 28/31
 29622 | IceCv    | Entered an ice cave
 29705 | IceCv    | Reached skill level 13 in Bows
 30414 | IceCv    | Identified the ring of Greagris {+/*Tele Int+5}
 30836 | Lair:3   | Noticed Fannar
 30909 | Lair:3   | Killed Fannar
 30913 | Lair:3   | Gained mutation: Your magical capacity is low (-10% MP). [potion of mutation]
 30913 | Lair:3   | Gained mutation: Your body is misshapen. [potion of mutation]
 31841 | Lair:4   | Gained mutation: You are resistant to hostile enchantments. [potion of beneficial mutation]
 31956 | Lair:4   | Reached skill level 14 in Bows
 32111 | Lair:4   | Acquired Ashenzari's third power
 32296 | Lair:4   | Gained mutation: You can spit moderately strong poison. [evolution]
 32449 | Lair:4   | Found a staircase to the Shoals.
 33248 | Lair:5   | Found a hole to the Spider Nest.
 33853 | Lair:6   | Reached skill level 15 in Bows
 33908 | Lair:6   | Noticed Snorg
 33916 | Lair:6   | Killed Snorg
 34908 | Lair:7   | Noticed Harold
 35273 | Lair:7   | Killed Harold
 35327 | Lair:7   | Identified the +10 lajatang of Paper {holy, rC+ rN+ Str-3 Dex+5 Stlth-}
 35682 | Lair:7   | Reached XP level 14. HP: 72/86 MP: 16/29
 35937 | Lair:7   | Noticed Erica
 35946 | Lair:7   | Killed Erica
 36485 | Lair:7   | Acquired Ashenzari's fourth power
 36629 | Lair:7   | Lost mutation: You can spit moderately strong poison. [evolution]
 36963 | Orc:1    | Entered Level 1 of the Orcish Mines
 37217 | Orc:1    | Found a shimmering altar of Xom.
 37388 | Orc:1    | Noticed Joseph
 37410 | Orc:1    | Killed Joseph
 37653 | Orc:2    | Found a shimmering altar of Xom.
 38259 | Orc:3    | Found Xiyriaq's Assorted Antiques.
 38409 | Orc:3    | Found a glowing silver altar of Zin.
 39509 | Orc:3    | Noticed a fire giant
 39509 | Orc:3    | Identified the +12 morningstar of Inference {distort, Dex+4} (You took it off an orc on level 3 of the Orcish Mines)
 39868 | Orc:4    | Entered Level 4 of the Orcish Mines
 39872 | Orc:4    | Noticed Grum
 39880 | Orc:4    | Killed Grum
 39925 | Orc:4    | Noticed Nessos
 40256 | Orc:2    | Found Cigacruv's General Store.
 40879 | Orc:4    | Found a radiant altar of Vehumet.
 40884 | Orc:4    | Found a staircase to the Elven Halls.
 40939 | Orc:4    | Found Skony's Book Emporium.
 40962 | Orc:4    | Noticed an orc warlord
 41673 | D:12     | Learned a level 3 spell: Regeneration
 41842 | D:12     | Gained mutation: Your system is resistant to poisons. [potion of mutation]
 41842 | D:12     | Lost mutation: Your mind is acute. (Int +2) [potion of mutation]
 42933 | D:13     | Lost mutation: You are resistant to hostile enchantments. [helix card]
 44610 | D:14     | Found Schacs' Weapon Emporium.
 44898 | D:14     | Reached XP level 15. HP: 74/90 MP: 24/31
 45016 | D:14     | Found a gate to the Vaults.
 45252 | D:15     | Entered Level 15 of the Dungeon
 45299 | D:15     | Noticed Zigurun's ghost (powerful GrMo)
 46063 | D:15     | Killed Zigurun's ghost
 46379 | D:15     | Found a staircase to the Depths.
 47775 | Orc:3    | Learned a level 6 spell: Haste
 47830 | Orc:3    | Reached skill level 1 in Charms
 48588 | Orc:4    | Noticed an orc warlord
 48678 | Orc:4    | HP: 1/90 [orc warlord/bolt (25)]
 48678 | Orc:4    | Shot with a bolt by an orc warlord

Action                   |  1- 3 |  4- 6 |  7- 9 | 10-12 | 13-15 || total
-------------------------+-------+-------+-------+-------+-------++-------
Melee: Unarmed           |    36 |       |       |       |       ||    36
       Spear             |    65 |    55 |       |    14 |       ||   134
       Trident           |       |   107 |   402 |   250 |       ||   759
       Halberd           |       |       |     1 |       |       ||     1
 Fire: Shortbow          |       |    13 |   150 |   204 |       ||   367
       Longbow           |       |       |       |   460 |  1436 ||  1896
 Cast: Corona            |    37 |    21 |    80 |   152 |   144 ||   434
       Slow              |     2 |    19 |    90 |   144 |   195 ||   450
       Cause Fear        |       |       |     3 |    30 |    19 ||    52
       Inner Flame       |       |       |     1 |    27 |    31 ||    59
       Leda's Liquefacti |       |       |     1 |     1 |       ||     2
       Enslavement       |       |       |       |    56 |   130 ||   186
       Metabolic Englaci |       |       |       |     2 |    11 ||    13
       Summon Butterflie |       |       |       |     1 |     5 ||     6
       Tukima's Dance    |       |       |       |       |    10 ||    10
Invok: Transfer Knowledg |       |       |       |       |     1 ||     1
 Abil: Spit Poison       |       |       |       |     1 |     8 ||     9
       Evoke Teleportati |       |       |       |       |     1 ||     1
       Evoke Teleport Co |       |       |       |       |     1 ||     1
       Evoke Flight      |       |       |       |       |     8 ||     8
Evoke: Wand              |       |       |    13 |    18 |     3 ||    34
       Deck              |       |       |       |       |     4 ||     4
  Use: Scroll            |       |     8 |    11 |    15 |    15 ||    49
       Potion            |       |     3 |     4 |     6 |    11 ||    24
 Stab: Sleeping          |       |     4 |     4 |     2 |       ||    10
       Distracted        |       |       |     3 |       |       ||     3
  Eat: Chunk             |     6 |    13 |    28 |    48 |    63 ||   158
       Pizza             |       |       |     2 |     1 |     1 ||     4
       Meat ration       |       |       |     2 |       |       ||     2
       Beef jerky        |       |       |     1 |       |       ||     1
       Fruit             |       |       |       |     2 |       ||     2
